 Dungeon Crawl Stone Soup version 0.27.1-33-g824d729ab1 (webtiles) character file.

Game seed: 16120947248191768752

135 jiml777 the Shield-Bearer (level 5, -6/33 HPs)
             Began as a Gargoyle Fighter on Dec 10, 2021.
             Mangled by a gnoll (11 damage)
             ... on level 3 of the Dungeon.
             The game lasted 00:12:41 (3150 turns).

jiml777 the Shield-Bearer (Gargoyle Fighter)        Turns: 3150, Time: 00:12:44

Health: -6/33      AC: 12    Str: 20    XL:     5   Next: 18%
Magic:  6/6        EV:  7    Int:  9    God:
Gold:   21         SH: 12    Dex:  9    Spells: 5/6 levels left

rFire    . . .     SeeInvis +   a - +0 war axe
rCold    . . .     Faith    .   c - +3 kite shield
rNeg     + . .     Spirit   .   b - +0 scale mail
rPois    ∞         Reflect  .   (no helmet)
rElec    +         Harm     .   (no cloak)
rCorr    .         Rampage  .   (no gloves)
Will     .....                  s - +0 pair of boots
Stlth    ..........             (no amulet)
HPRegen  0.11/turn              i - ring of see invisible
MPRegen  0.10/turn              (no ring)

@: no status effects
A: sickness immunity, AC +4, negative energy resistance 1, electricity
resistance, torment resistance 1, petrification resistance
a: no special abilities


You were on level 3 of the Dungeon.
You visited 1 branch of the dungeon, and saw 3 of its levels.

You collected 99 gold pieces.
You spent 78 gold pieces at shops.

Inventory:

Hand Weapons
 a - a +0 war axe (weapon)
 n - a +0 hunting sling
Missiles
 g - 8 javelins (quivered)
 h - 16 bolts
 k - 18 stones
 o - 36 sling bullets
 t - 14 arrows
Armour
 b - a +0 scale mail (worn)
 c - a +3 kite shield (worn)
 s - a +0 pair of boots (worn)
Jewellery
 i - a ring of see invisible (left hand)
Wands
 m - a wand of acid (12)
 r - a wand of paralysis (6)
Scrolls
 e - a scroll of blinking {unknown}
 f - 4 scrolls of identify
 j - a scroll of amnesia {unknown}
 l - a scroll of immolation {unknown}
 q - a scroll of vulnerability {unknown}
 u - a scroll of teleportation {unknown}
Potions
 d - 2 potions of might
 v - a potion of brilliance


   Skills:
 + Level 3.7 Fighting
 + Level 2.8 Axes
 + Level 3.9 Armour
 + Level 0.4 Dodging
 + Level 4.0 Shields
 - Level 1.0 Spellcasting
 - Level 0.8 Translocations
 * Level 0.9 Evocations


You had 5 spell levels left.
You knew the following spells:

 Your Spells              Type           Power      Damage    Failure   Level
a - Apportation           Tloc           2%         N/A       97%         1

Your spell library contained the following spells:

 Spells                   Type           Power      Damage    Failure   Level
 Alistair's Intoxication  Tmut/Pois      0%         N/A       100%        5
 Invisibility             Hex            0%         N/A       100%        6


Dungeon Overview and Level Annotations

Branches:
Dungeon (3/15)

Altars:

Shops:
D:2 *


Innate Abilities, Weirdness & Mutations

You are immune to sickness and miasma.
Your stone body is resilient. (AC +4)
You are immune to poison.
You resist negative energy. (rN+)
You are resistant to electric shocks. (rElec)
You are resistant to unholy torment.
You are immune to petrification.


Message History

You block the adder's attack. x2
You barely miss the adder. You block the adder's attack. x2
You miss the adder.
The adder bites you but does no damage. x2
You closely miss the adder. You block the adder's attack.
The adder barely misses you.
You closely miss the adder. You block the adder's attack. x2
You closely miss the adder. The adder barely misses you.
The adder bites you but does no damage.
You miss the adder. The adder bites you. You block the adder's attack.
You barely miss the adder. The adder bites you but does no damage.
You block the adder's attack.
You slash the adder!
You kill the adder!
Your Shields skill increases to level 4!
You hit the gnoll.
The gnoll is heavily wounded.
You block the gnoll's attack. The gnoll barely misses you.
The gnoll closely misses you.
You hit the gnoll.
The gnoll is severely wounded.
The gnoll closely misses you. You block the gnoll's attack.
Your shield and scale mail prevent you from hitting the gnoll.
The gnoll is severely wounded.
The gnoll closely misses you. The gnoll hits you with a +0 flail.
You block the gnoll's attack. The gnoll hits you but does no damage.
Your shield prevents you from hitting the gnoll.
The gnoll is severely wounded.
You block the gnoll's attack. The gnoll hits you with a +0 flail.
The gnoll hits you from afar with a +0 halberd.
You hit the gnoll.
The gnoll is almost dead.
The gnoll hits you with a +0 flail. You block the gnoll's attack.
The gnoll closely misses you.
You barely miss the gnoll.
The gnoll is almost dead.
The gnoll hits you from afar with a +0 halberd!
* * * LOW HITPOINT WARNING * * *
The gnoll hits you but does no damage.
The gnoll hits you from afar with a +0 halberd!
You die...

.# #. . ## #.# ###.
#...#... #.S#..#
#.....#######
#.......... #g# #g# ###
#@# ... #.# ### #.# #.#
####### #.# #.....# #.#
#.###.#########.########
#.# #..................#
#.# #......####.########


You could see 2 gnolls.

Vanquished Creatures
  A scorpion zombie (D:2)
  A gnoll (D:3)
  3 adders
  An adder skeleton (D:2)
  A worm (D:2)
  3 dart slugs (D:2)
  5 bats
  6 endoplasms
  A giant cockroach (D:1)
  8 goblins
  4 hobgoblins
  5 jackals
  4 kobolds
  4 quokkas
  3 ball pythons
  2 ball python skeletons (D:2)
  2 frilled lizards
  4 rats
58 creatures vanquished.

Notes
Turn   | Place    | Note
-------+----------+-------------------------------------------
     0 | D:1      | jiml777 the Gargoyle Fighter began the quest for the Orb.
     0 | D:1      | Reached XP level 1. HP: 14/14 MP: 1/1
   337 | D:1      | Found a faded altar of an unknown god.
   400 | D:1      | Reached XP level 2. HP: 19/19 MP: 2/2
   980 | D:1      | Reached XP level 3. HP: 22/23 MP: 3/3
   985 | D:1      | Learned a level 1 spell: Apportation
  1631 | D:2      | Found Ashutsos's Assorted Antiques.
  2493 | D:2      | Reached XP level 4. HP: 28/28 MP: 4/4
  2823 | D:2      | Bought a scroll labelled ASHREPN ODAM for 20 gold pieces
  2823 | D:2      | Bought a scroll labelled TETEGH WITZ for 20 gold pieces
  2823 | D:2      | Bought a scroll labelled YTTYTS SEISUV for 20 gold pieces
  2823 | D:2      | Bought a white potion for 18 gold pieces
  3010 | D:3      | Reached skill level 1 in Spellcasting
  3130 | D:3      | Reached XP level 5. HP: 33/33 MP: 6/6
  3145 | D:3      | Reached skill level 4 in Shields
  3150 | D:3      | Mangled by a gnoll

Illustrated notes

Levels and vault maps discovered:
D:1:      amcnicky_arrival_flooded_fountain, layout_loops_ring,
          chequers_ecumenical_altar_island, minmay_fountain_box
D:2:      layout_loops_cross, serial_shops, shop_fountains, serial_undead,
          serial_undead_d, serial_undead_a, serial_undead_d, serial_undead_c,
          grunt_ministairs_2, minmay_circle_x
D:3:      layout_loops_ring, nicolae_wu_jian_immortal_techniques

Skill      XL: |  1  2  3  4  5 |
---------------+----------------+-----
Axes           | 2 |  2.8
Spellcasting   | 1 |  1.0
Shields        | 4 |  4.0
Fighting       | |  3.7
Armour         | |  3.9
Dodging        | |  0.4
Translocations | |  0.8
Evocations     | |  0.9

Action                   |  1- 3 |  4- 6 || total
-------------------------+-------+-------++-------
Melee: War axe           |   155 |    74 ||   229
  Use: Scroll            |       |     4 ||     4
Armor: Scale mail        |    82 |    37 ||   119
Dodge: Dodged            |    50 |    23 ||    73
Block: Kite shield       |    77 |    56 ||   133
